 Dungeon Crawl Stone Soup version 0.30-a0-718-geaa24f58ff (webtiles) character file.

Game seed: 8699503170890557424

13150 kae the Transmogrifier (level 11, -2/75 HPs)
             Began as a Demonspawn Transmuter on Jan 25, 2023.
             Was a Priest of Hepliaklqana.
             Slain by a polar bear (3 damage)
             ... on level 2 of the Lair of Beasts.
             The game lasted 00:16:23 (13865 turns).

kae the Transmogrifier (Demonspawn Transmuter)     Turns: 13865, Time: 00:16:24

Health: -2/75      AC: 11    Str: 11    XL:     11   Next: 71%
Magic:  19/22      EV: 10    Int: 24    God:    Hepliaklqana [***...]
Gold:   2          SH:  0    Dex: 14    Spells: 9/25 levels left

rFire   x . .      SeeInvis .      - Unarmed
rCold   + + +      Faith    .    (shield currently unavailable)
rNeg    . . .      Spirit   .    (body armour currently unavailable)
rPois   +          Reflect  .    (helmet currently unavailable)
rElec   .          Harm     .    (cloak currently unavailable)
rCorr   .          Rampage  .    (gloves currently unavailable)
Will    .....                    (boots currently unavailable)
Stlth   +                        (no amulet)
HPRegen 2.32/turn                P - ring of poison resistance
MPRegen 0.18/turn                I - +6 ring of intelligence

@: ice-form, wereblooded
A: freezing attack, amphibious, boosted hp, reduced essence, large, (claws 2),
ignite blood 2, powered by death 1, (sanguine armour 2)
a: End Transformation, Renounce Religion, Recall Ancestor, Ancestor Identity,
Transference


You were on level 2 of the Lair of Beasts.
You worshipped Hepliaklqana.
Hepliaklqana was most pleased with you.
You were a creature of crystalline ice.
You visited 3 branches of the dungeon, and saw 13 of its levels.

You collected 633 gold pieces.
You spent 631 gold pieces at shops.


Innate Abilities, Weirdness & Mutations

You are a creature of crystalline ice.
You have a powerful freezing melee attack.
You are amphibious.
Your maximum health is increased.
Your armour is entirely melded.
You are incapable of wielding weapons or throwing items.
Your life essence is reduced to manifest your ancestor. (-10% HP)
((You have very sharp fingernails.))
Your demonic aura often causes spilled blood to erupt in flames.
You regenerate a little health from kills.
((When seriously injured, your blood forms thick armour. (AC +0)))


   Skills:
 + Level 1.6 Fighting
 + Level 2.1 Dodging
 * Level 7.9 Unarmed Combat
 + Level 7.5 Spellcasting
 * Level 10.5 Transmutations
 - Level 9.1 Ice Magic
 * Level 1.3 Earth Magic
 - Level 2.0 Poison Magic


You had 9 spell levels left.
You knew the following spells:

 Your Spells              Type           Power      Damage    Failure   Level
a - Beastly Appendage     Tmut           100%       N/A       1%          1
b - Wereblood             Tmut           56%        N/A       1%          2
c - Spider Form           Tmut/Pois      39%        N/A       1%          3
d - Ice Form              Ice/Tmut       54%        N/A       1%          4
e - Statue Form           Tmut/Erth      24%        N/A       65%         6

Your spell library contained the following spells:

 Spells                   Type           Power      Damage    Failure   Level
 Frozen Ramparts          Ice            100%       1d16      1%          3
 Magic Dart               Conj           36%        1d4       7%          1
 Searing Ray              Conj           18%        2d5       11%         2
 Summon Ice Beast         Ice/Summ       30%        N/A       11%         4
 Inner Flame              Hex/Fire       9%         N/A       21%         3
 Kindle Blastsparks       Fire/Tloc/Air  18%        2d11      21%         3
 Leda's Liquefaction      Hex/Erth       6%         N/A       45%         4
 Cause Fear               Hex            4%         N/A       56%         4
 Fulminant Prism          Conj/Hex       4%         3d5       56%         4
 Iskenderun's Mystic Bla  Conj/Tloc      9%         2d4       56%         4
 Lee's Rapid Deconstruct  Erth           7%         3d7*      71%         5
 Summon Forest            Summ/Tloc      4%         N/A       88%         5
 Summon Mana Viper        Hex/Summ       9%         N/A       88%         5
 Summon Cactus Giant      Summ           4%         N/A       100%        6
 Discord                  Hex            4%         N/A       100%        8

Inventory:

Missiles
 e - 132 stones
 h - 37 poisoned darts
 p - 14 boomerangs
Armour
 a - a +0 robe (melded)
 g - a +1 cloak (melded)
   (You found it on level 1 of the Dungeon)
Jewellery
 C - a ring of protection from cold
   (You found it on level 2 of the Dungeon)
 F - a ring of fire
   (You found it on level 9 of the Dungeon)
 I - a +6 ring of intelligence (right front paw)
   (You found it on level 5 of the Dungeon)
 P - a ring of poison resistance (left front paw)
   (You found it on level 7 of the Dungeon)
Wands
 o - a wand of quicksilver (15)
   (You took it off Sigmund on level 5 of the Dungeon)
 s - a wand of iceblast (8)
   (You found it on level 3 of the Dungeon)
 t - a wand of flame (14)
   (You found it on level 1 of the Lair of Beasts)
 v - a wand of polymorph (5)
   (You found it on level 9 of the Dungeon)
 y - a wand of digging (2)
   (You took it off an orc on level 8 of the Dungeon)
 D - a wand of mindburst (3)
   (You found it on level 1 of the Lair of Beasts)
Scrolls
 c - 3 scrolls of noise {!r}
 f - 3 scrolls of brand weapon
 l - a scroll of fog
 m - 2 scrolls of enchant armour
 n - a scroll of enchant weapon
 q - 2 scrolls of blinking {!r}
 u - 2 scrolls of magic mapping {!r}
 x - 3 scrolls of immolation {!r!r}
 z - a scroll of vulnerability {!r!r}
 E - 2 scrolls of teleportation {@r4}
 G - 2 scrolls of identify {@r1}
Potions
 b - 3 potions of lignification {!q}
 d - a potion of flight
 i - 7 potions of curing {@q1}
 j - 2 potions of haste {@q3}
 k - 2 potions of degeneration {!q}
 r - a potion of resistance
 w - 3 potions of mutation {!q}
 A - a potion of attraction {!q}
 B - a potion of brilliance
 H - a potion of ambrosia {unknown}

Dungeon Overview and Level Annotations

Branches:
Dungeon (9/15) Zot: 25964  Temple (1/1) D:7 Zot: 5912    Lair (3/5) D:8 Zot: 16235
    Orc (0/2) D:9
  Swamp: Lair:2-3    Shoals: Lair:2-3     Snake: Lair:2-3    Spider: Lair:2-3

Altars:
Ashenzari
Cheibriados
Dithmenos
Fedhas
Gozag
Hepliaklqana
Kikubaaqudgha
Makhleb
Nemelex Xobeh
Okawaru
Qazlal
Ru
Sif Muna
Trog
Uskayaw
Vehumet
Wu Jian
Xom
Yredelemnul

Shops:
D:1 *   D:4 ?(:=*   D:6 *   D:7 (*[

Annotations:
D:5 Pikel
D:9 exclusion: orc sorcerer, Harold

### #.........#
##.###........##
##.#.#..........#
................###
..................#
..................#
............#.....#
..........###..hโ—‹.#
...........###.โ˜ผY.#
...............โ˜ผ..##
...................#
.รท...........[.....##
....................##
.....................#
##........[.........##
..................###
.#................#


You could see a polar bear.


Message History

You punch the komodo dragon!
The komodo dragon seems to slow down.
You freeze the komodo dragon. The blink frog hits you!
The blink frog blinks!
The blink frog misses you.
The komodo dragon closely misses you. ๐Ÿ˜• HP[-9]
You take 9 damage, and now have 58/75 hp.
The blink frog blinks! x2
You climb upwards.
There is a stone staircase leading down here.
Unknown command. ๐Ÿ˜• HP[+1]
You punch the komodo dragon! You freeze the komodo dragon.
The komodo dragon is engulfed in blazing flames.
You feel a bit better.
You kill the komodo dragon!
Your Earth Magic skill increases to level 1!
No target in view! ๐Ÿ˜• HP[+2] MP[+1]
You regained 2 hp, and now have 61/75 hp.
No target in view!
No target in view!
No target in view!
No target in view!
You climb downwards.
You howl as the wereblood boils in your veins!
You hear a croak.
The blink frog misses you. The blink frog hits you.
The polar bear closely misses you. The polar bear barely misses you.
The polar bear claws you.
The blink frog blinks! x2
A cane toad comes into view.
The blink frog hits you but does no damage.
The yak gores you but does no damage. The polar bear barely misses you. x2
The polar bear claws you but does no damage.
There is a stone staircase leading up here. ๐Ÿ˜ฎ HP[-8]
You take 8 damage, and now have 53/75 hp.
The blink frog closely misses Nkonkoni.
The blink frog hits you.
Nkonkoni hits the blink frog with a +0 dagger of draining!
The blink frog hits Nkonkoni but does no damage.
The blink frog blinks!
The yak barely misses you.
The polar bear bites you but does no damage.
The polar bear claws you.
The polar bear claws you but does no damage.
Nkonkoni hits the blink frog with a +0 dagger of draining!
You climb upwards.
There is a stone staircase leading down here. ๐Ÿ˜ฎ HP[-4] MP[+1]
You take 4 damage, and now have 49/75 hp.
You are too injured to fight recklessly!
You are too injured to fight recklessly!
You are too injured to fight recklessly!
You are too injured to fight recklessly!
You are too injured to fight recklessly!
You are too injured to fight recklessly!
Unknown command.
You punch the yak! You freeze the yak! The blink frog completely misses you.
The yak is engulfed in blazing flames.
The yak completely misses you.
The polar bear bites you but does no damage.
The polar bear closely misses you.
The polar bear claws you but does no damage.
You hit the polar bear. You freeze the polar bear.
The blink frog hits you but does no damage.
The blink frog hits you!
* * * LOW HITPOINT WARNING * * *
๐Ÿ˜จ HP[-13]
You take 13 damage, and now have 36/75 hp.
You punch the yak! You freeze the yak.
You feel a bit better.
You kill the yak!
The polar bear barely misses you.
The polar bear claws you but does no damage. x2
The blink frog hits you!
* * * LOW HITPOINT WARNING * * *
๐Ÿ˜จ HP[-9]
You take 9 damage, and now have 27/75 hp.
You punch the blink frog! You freeze the blink frog. The polar bear bites you.
* * * LOW HITPOINT WARNING * * *
The polar bear claws you.
* * * LOW HITPOINT WARNING * * *
The polar bear misses you.
The blink frog is engulfed in blazing flames.
The blink frog closely misses you. ๐Ÿ˜จ HP[-8]
You take 8 damage, and now have 19/75 hp.
Unknown command.
You punch the blink frog!
The blink frog seems to slow down.
You freeze the blink frog.
You feel a bit better.
You kill the blink frog!
The polar bear bites you!
* * * LOW HITPOINT WARNING * * *
The polar bear closely misses you.
The polar bear claws you but does no damage. ๐Ÿ˜ฑ HP[-6]
You take 6 damage, and now have 13/75 hp.
Unknown command.
You punch the polar bear! You freeze the polar bear.
The polar bear is engulfed in blazing flames.
The polar bear bites you!
* * * LOW HITPOINT WARNING * * *
The polar bear claws you but does no damage.
The polar bear claws you.
You die...

Skill      XL: |  1  2  3  4  5  6  7  8  9 10 11 |
---------------+----------------------------------+-----
Transmutations | 2 3 4 5 6 8 9 10 | 10.5
Unarmed Combat | 3 4 5 6 7 |  7.9
Poison Magic   | 1 2 |  2.0
Spellcasting   | 3 4 5 6 7 |  7.5
Ice Magic      | 1 2 4 6 8 9 |  9.1
Dodging        | 2 |  2.1
Earth Magic    | 1 |  1.3
Fighting       | |  1.6

Action                     |  1- 3 |  4- 6 |  7- 9 | 10-12 || total
---------------------------+-------+-------+-------+-------++-------
  Melee: Unarmed           |   104 |   234 |   227 |   217 ||   782
         Kick              |    12 |    19 |       |       ||    31
         Headbutt          |    10 |    10 |       |       ||    20
         Punch             |     1 |     1 |       |       ||     2
   Cast: Beastly Appendage |    19 |    20 |       |     1 ||    40
         Spider Form       |     1 |    13 |     2 |       ||    16
         Wereblood         |       |     4 |    12 |     7 ||    23
         Ice Form          |       |     2 |    31 |    27 ||    60
 Invoke: Ancestor Life: He |       |       |       |     1 ||     1
  Evoke: Wand              |       |       |     1 |    28 ||    29
    Use: Scroll            |     7 |    10 |     5 |     6 ||    28
         Potion            |       |     1 |     3 |     3 ||     7
   Stab: Sleeping          |       |     1 |       |       ||     1
         Confused          |       |       |       |     2 ||     2
         Distracted        |       |       |       |     1 ||     1
 Armour: Robe              |    37 |    35 |     2 |     5 ||    79
         Skin              |       |    17 |    81 |   124 ||   222
  Dodge: Dodged            |    80 |   207 |   137 |   169 ||   593

Levels and vault maps discovered:
D:1:      minmay_arrival_glassed_features, layout_rooms, serial_shops,
          shop_statue
D:2:      layout_loops_ring, uniq_jessica
D:3:      layout_basic, grunt_dithmenos_smoke, chequers_serial_rivers_large_a,
          st_stairs_9, minmay_misc_feat_four_crosses, uniq_crazy_yiuf_cottage
D:4:      minmay_recursive_quarters, layout_loops_ring,
          nicolae_kikubaaqudgha_miasma_corner, mainiacjoe_overflow_catwalk,
          nicolae_wooded_promenade
D:5:      minmay_angry_zag, layout_layer_cave, uniq_sigmund, uniq_pikel,
          uniq_eustachio
D:6:      layout_loops_ring, serial_shops, kennysheep_mini,
          chequers_serial_rivers_micro_d, uniq_duvessa
D:7:      layout_basic, okawaru_ov_weapons_minmay, fedhas_altar_4,
          fiery_altar_vehumet, mainiacjoe_overflow_six_doors_small,
          temple_statues, serial_shops, nicolae_stop_n_shop_2,
          nicolae_take_the_stairs, nicolae_square_shop
D:8:      layout_rooms, tgw_sif, erik_lair_orcish_takeover, serial_bayou,
          serial_bayou_shore_b, serial_bayou_lagoon_b, serial_bayou_pond_c,
          serial_bayou_ford_a, minmay_fractal_squares_diagonal_5, uniq_amaemon
D:9:      layout_roguey, grunt_gozag_breadcrumbs, orc_0_dummy,
          minmay_the_grid_2x2 [minmay_the_grid_spikes, minmay_the_grid_tri_star,
          minmay_the_grid_stretched_grid,
          minmay_the_grid_prize_shrinking_boxes], uniq_harold
Temple:   nicolae_temple_god_jail
Lair:1:   layout_concentric_octagons, grunt_megastairs_5, lemuel_fruit_fields,
          lemuel_fruit_tree
Lair:2:   layout_cave_shapes, chequers_serial_rivers_room_b,
          nicolae_lair_lil_pond
Lair:3:   layout_layer_cave, swamp_mist, nicolae_spider_entry_orb_guardian,
          basic_altar, chequers_serial_rivers_micro_d

Notes
Turn   | Place    | Note
-------+----------+-------------------------------------------
     0 | D:1      | kae the Demonspawn Transmuter began the quest for the Orb.
     0 | D:1      | Reached XP level 1. HP: 15/15 MP: 3/3
     0 | D:1      | magus.rc [v1.11.3]
    82 | D:1      | Reached skill level 2 in Transmutations
   204 | D:1      | Gained mutation: You have sharp fingernails. [demonic
                  | ancestry]
   204 | D:1      | Reached XP level 2. HP: 21/21 MP: 3/5
   256 | D:1      | Learned a level 2 spell: Wereblood
   366 | D:1      | Reached skill level 3 in Unarmed Combat
   439 | D:1      | Reached XP level 3. HP: 14/26 MP: 4/6
   443 | D:1      | Learned a level 3 spell: Spider Form
   612 | D:1      | Found Ypoeguiq's Assorted Antiques.
   893 | D:1      | Bought a brown potion for 22 gold pieces
   893 | D:1      | Bought a dark potion for 22 gold pieces
  1204 | D:2      | Noticed Jessica
  1212 | D:2      | Killed Jessica
  1213 | D:2      | Reached skill level 3 in Transmutations
  1213 | D:2      | Reached skill level 1 in Poison Magic
  1213 | D:2      | Gained mutation: Your demonic aura sometimes causes spilled
                  | blood to erupt in flames. [demonic ancestry]
  1213 | D:2      | Reached XP level 4. HP: 25/32 MP: 3/7
  1853 | D:3      | You pick up a book of Rime and begin reading...
  1853 | D:3      | You add the spells Frozen Ramparts and Summon Ice Beast to
                  | your library.
  1992 | D:3      | Gained mutation: When seriously injured, your blood forms
                  | armour. (AC +0) [demonic ancestry]
  1992 | D:3      | Reached XP level 5. HP: 27/37 MP: 3/9
  1993 | D:3      | Reached skill level 2 in Poison Magic
  2073 | D:3      | You pick up a book of Blasting and begin reading...
  2073 | D:3      | You add the spells Kindle Blastsparks, Fulminant Prism,
                  | Iskenderun's Mystic Blast and Lee's Rapid Deconstruction to
                  | your library.
  2300 | D:3      | Found a shadowy altar of Dithmenos.
  2504 | D:3      | Found a runed translucent door.
  2505 | D:3      | Noticed Crazy Yiuf
  2758 | D:3      | Killed Crazy Yiuf
  2759 | D:3      | Reached skill level 3 in Spellcasting
  2933 | D:3      | Learned a level 4 spell: Ice Form
  3069 | D:4      | Found a shimmering altar of Xom.
  3073 | D:4      | Reached skill level 4 in Transmutations
  3073 | D:4      | Reached XP level 6. HP: 36/43 MP: 4/10
  3214 | D:4      | Found an ancient bone altar of Kikubaaqudgha.
  3606 | D:4      | Reached skill level 4 in Unarmed Combat
  3926 | D:4      | Found Uvaqang's Magic Scroll Emporium.
  3926 | D:4      | Found Wasiyt's Antique Weapon Shop.
  3928 | D:4      | Found Huoriz's Book Boutique.
  3930 | D:4      | Found Eliuc Cumn's Jewellery Emporium.
  3930 | D:4      | Found Yhekhliss's Assorted Antiques.
  3934 | D:4      | Bought a scroll of identify for 22 gold pieces
  3963 | D:4      | Bought a scroll labelled FOFAWN ILYVU for 26 gold pieces
  3963 | D:4      | Bought a scroll labelled BUOMUL REASCHO for 26 gold pieces
  4249 | D:5      | Entered Level 5 of the Dungeon
  4412 | D:5      | Noticed Pikel
  4770 | D:5      | Noticed Eustachio
  4771 | D:5      | Noticed an ice beast
  4827 | D:5      | Killed Eustachio
  4828 | D:5      | Reached skill level 1 in Ice Magic
  4828 | D:5      | Reached XP level 7. HP: 48/48 MP: 8/12
  4832 | D:5      | Reached skill level 5 in Transmutations
  4928 | D:5      | Noticed Sigmund
  4937 | D:5      | HP: 12/57 [something/bolt of dispelling energy (7)]
  4938 | D:5      | Killed Sigmund
  4939 | D:5      | Reached skill level 4 in Spellcasting
  4939 | D:5      | Reached skill level 2 in Ice Magic
  5898 | D:6      | Gained mutation: You have very sharp fingernails. [demonic
                  | ancestry]
  5898 | D:6      | Reached XP level 8. HP: 54/54 MP: 4/14
  5911 | D:6      | Reached skill level 3 in Ice Magic
  6167 | D:6      | Reached skill level 6 in Transmutations
  6199 | D:6      | Found Qisum Ziyd's Assorted Antiques.
  6276 | D:6      | Bought a viscous brown potion for 25 gold pieces
  6276 | D:6      | Bought a scroll labelled PEMOP FOIDOY for 28 gold pieces
  6276 | D:6      | Bought a scroll labelled WEUFUMNOBA for 28 gold pieces
  6376 | D:6      | Reached skill level 5 in Unarmed Combat
  6408 | D:6      | Noticed Dowan
  6409 | D:6      | Noticed Duvessa
  6412 | D:6      | Killed Dowan
  6413 | D:6      | Reached skill level 4 in Ice Magic
  6422 | D:6      | HP: 16/64 [Duvessa/+0 short sword (4)]
  6425 | D:6      | Killed Duvessa
  6706 | D:6      | Reached skill level 5 in Spellcasting
  6706 | D:6      | Gained mutation: When seriously injured, your blood forms
                  | thick armour. (AC +0) [demonic ancestry]
  6706 | D:6      | Reached XP level 9. HP: 59/59 MP: 11/16
  7022 | D:6      | Reached skill level 7 in Transmutations
  7273 | D:7      | Found a radiant altar of Vehumet.
  7289 | D:7      | Reached skill level 5 in Ice Magic
  7339 | D:7      | Found Kuweahio's General Store.
  7340 | D:7      | Identified the +1 trident "Bomomime" {antimagic, rElec}
  7385 | D:7      | Found Uceghitorch's Antique Armour Emporium.
  7549 | D:7      | Found an iron altar of Okawaru.
  7563 | D:7      | You pick up a book of Hexes and begin reading...
  7563 | D:7      | You add the spells Inner Flame, Cause Fear and Discord to
                  | your library.
  7577 | D:7      | Found a sparkling altar of Nemelex Xobeh.
  7702 | D:7      | Found a staircase to the Ecumenical Temple.
  7769 | Temple   | Entered the Ecumenical Temple
  7844 | Temple   | Became a worshipper of Hepliaklqana the Forgotten
  7932 | D:7      | Found Jecots's Antique Weapon Boutique.
  8189 | D:7      | Found a blossoming altar of Fedhas.
  8283 | D:8      | Noticed a two-headed ogre
  8291 | D:8      | HP: 11/70 [two-headed ogre/+1 dire flail of protection
                  | (22)]
  8851 | D:7      | Reached skill level 6 in Ice Magic
  9044 | D:8      | Reached skill level 6 in Unarmed Combat
  9062 | D:8      | Reached skill level 8 in Transmutations
  9137 | D:8      | Noticed an orange demon
  9145 | D:8      | Killed an orange demon
  9146 | D:8      | Gained mutation: Your demonic aura often causes spilled
                  | blood to erupt in flames. [demonic ancestry]
  9146 | D:8      | Reached XP level 10. HP: 62/65 MP: 16/18
  9265 | D:8      | Found a staircase to the Lair.
  9298 | D:8      | Reached skill level 6 in Spellcasting
  9401 | D:8      | HP: 18/78 [poisoned by a killer bee]
  9404 | D:8      | HP: 5/78 [killer bee (4)]
  9410 | D:8      | HP: 11/78 [killer bee (5)]
  9411 | D:8      | HP: 5/78 [killer bee (6)]
 10011 | D:8      | HP: 11/78 [electric eel/bolt of electricity (14)]
 10301 | D:8      | Found a shimmering blue altar of Sif Muna.
 10467 | D:8      | Reached * piety under Hepliaklqana
 10511 | D:8      | Reached skill level 7 in Ice Magic
 10625 | D:8      | Killed a two-headed ogre
 10732 | D:8      | Noticed Amaemon
 10764 | D:8      | HP: 16/69 [Amaemon/-2 demon whip of venom (3)]
 10774 | D:8      | Killed Amaemon
 10775 | D:8      | Reached skill level 9 in Transmutations
 11066 | D:9      | Noticed Harold
 11322 | D:9      | Noticed an orc sorcerer
 11347 | D:9      | Found an opulent altar of Gozag.
 11458 | D:9      | Reached skill level 7 in Unarmed Combat
 11461 | D:9      | Reached skill level 8 in Ice Magic
 11535 | D:9      | Gained mutation: You regenerate a little health from kills.
                  | [demonic ancestry]
 11535 | D:9      | Reached XP level 11. HP: 63/63 MP: 18/21
 11580 | D:9      | Found a staircase to the Orcish Mines.
 11694 | D:9      | You pick up a book of the Wilderness and begin reading...
 11694 | D:9      | You add the spells Summon Forest, Summon Mana Viper and
                  | Summon Cactus Giant to your library.
 11800 | Lair:1   | Entered Level 1 of the Lair of Beasts
 12051 | Lair:1   | Reached skill level 7 in Spellcasting
 12089 | Lair:1   | Reached ** piety under Hepliaklqana
 12090 | Lair:1   | Remembered your ancestor Nkonkoni as a hexer
 12466 | Lair:1   | Reached skill level 10 in Transmutations
 12699 | Lair:2   | Noticed an eight-headed hydra
 12702 | Lair:2   | Killed an eight-headed hydra
 12703 | Lair:2   | Reached skill level 9 in Ice Magic
 12845 | Lair:2   | You pick up a book of Conjurations and begin reading...
 12845 | Lair:2   | You add the spells Magic Dart and Searing Ray to your
                  | library.
 13393 | D:4      | Bought a book of the Earth for 432 gold pieces
 13393 | D:4      | You pick up a book of the Earth and begin reading...
 13393 | D:4      | You add the spells Leda's Liquefaction and Statue Form to
                  | your library.
 13400 | D:4      | Learned a level 6 spell: Statue Form
 13690 | Lair:3   | Reached *** piety under Hepliaklqana
 13691 | Lair:3   | Reached skill level 2 in Dodging
 13856 | Lair:2   | Reached skill level 1 in Earth Magic
 13864 | Lair:2   | HP: 13/75 [polar bear (11)]
 13865 | Lair:2   | HP: 1/75 [polar bear (14)]
 13865 | Lair:2   | Slain by a polar bear

Vanquished Creatures
  A hydra (Lair:2)
  A two-headed ogre (D:8)
  Amaemon (D:8)
  An orange demon (D:8)
  2 cane toads
  A rime drake (Lair:3)
  A kobold demonologist (D:9)
  A komodo dragon (Lair:2)
  2 trolls (D:9)
  A blink frog (Lair:2)
  Sigmund (D:5)
  Eustachio (D:5)
  A wyvern (D:9)
  19 yaks
  A steam dragon (Lair:1)
  3 wargs (D:8)
  Duvessa (D:6)
  4 water moccasins
  An orc warrior (D:8)
  A sky beast (D:8)
  3 black bears
  4 ice beasts
  An ogre (D:6)
  6 wolves
  6 centaurs
  3 lemures (D:5)
  A phantom (D:6)
  6 bullfrogs
  A scorpion (Lair:2)
  A necrophage (D:6)
  9 wights
  Dowan (D:6)
  18 killer bees
  7 electric eels (D:8)
  3 hounds
  A jelly (D:7)
  7 orc priests
  Crazy Yiuf (D:3)
  Jessica (D:2)
  4 iguanas
  5 orc wizards
  13 gnolls
  6 adders
  2 shadow imps (D:5)
  2 white imps
  An ufetubus (D:5)
  A worm (D:5)
  2 dart slugs
  44 orcs
  6 bats
  6 endoplasms
  5 giant cockroaches
  3 hobgoblins
  11 jackals
  12 kobolds
  2 quokkas
  10 ball pythons
  6 frilled lizards
  4 goblins
  4 rats
274 creatures vanquished.

Vanquished Creatures (collateral kills)
  2 butterflies (Lair:1)
2 creatures vanquished.

Vanquished Creatures (others)
  3 ancestors
  A fungus (Lair:1)
  48 plants
52 creatures vanquished.

Grand Total: 328 creatures vanquished

Table legend:
 A = Non-vault XP
 B = Vault XP
 C = Vault XP percentage of total XP
 D = Non-vault monster count
 E = Vault monster count
 F = Vault count percentage of total count
                 A         B        C        D         E       F
            +---------+---------+-------+---------+---------+-------
      Total |   13783 |    5004 |  26.6 |     229 |      42 |  15.5
            +---------+---------+-------+---------+---------+-------
        D:1 |      51 |       0 |   0.0 |      30 |       0 |   0.0
        D:2 |      48 |      51 |  51.5 |      15 |       2 |  11.8
        D:3 |     141 |      52 |  26.9 |      24 |       3 |  11.1
        D:4 |     264 |      16 |   5.7 |      26 |       9 |  25.7
        D:5 |     240 |     513 |  68.1 |       6 |       6 |  50.0
        D:6 |    1531 |     216 |  12.4 |      33 |       2 |   5.7
        D:7 |    1183 |       0 |   0.0 |      22 |       0 |   0.0
        D:8 |    1047 |    3174 |  75.2 |      21 |      17 |  44.7
        D:9 |    1766 |     982 |  35.7 |      16 |       3 |  15.8
     Lair:1 |    2931 |       0 |   0.0 |      16 |       0 |   0.0
     Lair:2 |    3779 |       0 |   0.0 |      17 |       0 |   0.0
     Lair:3 |     802 |       0 |   0.0 |       3 |       0 |   0.0
            +---------+---------+-------+---------+---------+-------

Illustrated notes

Table legend:
 A = Kills in this place as a percentage of kills in entire the game.
 B = Kills by you in this place as a percentage of kills by you in the entire game.
 C = Kills by friends in this place as a percentage of kills by friends in the entire game.
 D = Other kills in this place as a percentage of other kills in the entire game.
 E = Experience gained in this place as a percentage of experience gained in the entire game.
 F = Experience gained in this place divided by the number of levels of this place that you have seen.
                   A       B       C       D       E      F
               +-------+-------+-------+-------+-------+----------------------
         Total | 100.0 | 100.0 |   N/A |   N/A | 100.0 | 1445.2
       Dungeon |  86.7 |  86.7 |   N/A |   N/A |  60.0 | 1252.8
          Lair |  13.3 |  13.3 |   N/A |   N/A |  40.0 | 2504.0
               +-------+-------+-------+-------+-------+----------------------

Table legend: (Time is in decaauts)
 A = Elapsed time spent in this place.
 B = Non-inter-level travel time spent in this place.
 C = Inter-level travel time spent in this place.
 D = Time resting spent in this place.
 E = Time spent auto-exploring this place.
 F = Levels seen in this place.
 G = Mean time per level.
                   A        B        C        D        E       F      G
               +--------+--------+--------+--------+--------+-----+--------+
         Total |  13850 |  12727 |   1123 |    636 |   9977 |  13 | 1065.4 |
       Dungeon |  11999 |  11056 |    943 |    580 |   8552 |   9 | 1333.2 |
        Temple |     87 |     69 |     18 |      0 |     59 |   1 |   87.0 |
          Lair |   1763 |   1602 |    161 |     56 |   1366 |   3 |  587.7 |
               +--------+--------+--------+--------+--------+-----+--------+

Top non-repeatable levels by time:
     D:8: 2089 daAuts
     D:5: 1746 daAuts
     D:7: 1726 daAuts
     D:4: 1416 daAuts
     D:3: 1291 daAuts
     D:6: 1281 daAuts
  Lair:2: 966 daAuts
     D:1: 922 daAuts
     D:2: 839 daAuts
  Lair:1: 774 daAuts
     D:9: 685 daAuts
  Temple: 87 daAuts
  Lair:3: 22 daAuts
